Unix NetHack Version 3.7.0-59 Work-in-progress - last build Jun 15 2022 12:00:05 (ba19de5de9b105df43ec81f7b8aaf5e01ff60ae8,branch:master). Game began 2022-06-15 18:14:32, ended 2022-06-15 19:23:36. spontiff, neutral male gnomish Healer ---------- ----#--- |........| -......| |.........# --------# #|......| |........|# |......-## #|......| |........|# |......|######.......| -.-.------ |......|# |......+# --------------- #### ### |......|# --------### |.............| ## ## -----.--############### ###-.............| ########### ## |.@...........- -----|-----## # # +..<..........| |.........| ###### # --------------- |[!???%"%%| -.-.--+-- |(%?)!?*%)| |.......| |*())!*[!/| |.......| |!?![)??!?| |.......| |%[[F!!*?%| |.>.....| ----------- ------.-- # Spontiff the Rhizotomist St:10 Dx:11 Co:15 In:8 Wi:17 Ch:17 Neutral S:211 Dlvl:3 $:1490 HP:0(25) Pw:3(8) AC:8 Xp:1/1 T:1006 Blind Latest messages: You hear nothing special. What do you want to use or apply? [dfhisxS or ?*] s In what direction? u You hear a hollow sound. This must be a secret door! The door opens. What do you want to use or apply? [dfhisxS or ?*] s In what direction? h Status of the little dog (neutral): Level 3 HP 18(18) AC 6, tame. With great effort you move the boulder. What do you want to use or apply? [dfhisxS or ?*] s In what direction? n Status of the little dog (neutral): Level 3 HP 15(18) AC 6, tame. You descend the stairs. The little dog bites the sewer rat. The sewer rat misses! The little dog misses the sewer rat. You begin bashing monsters with your gloved hands. You kill the sewer rat! The little dog misses the green mold. #what?: unknown extended command. #oh ffs: unknown extended command. #but.: unknown extended command. #argh: unknown extended command. #too tired for this sh8t: unknown extended command. r - a clear potion. The little dog misses the green mold. The little dog bites the green mold. The little dog is splashed by the green mold's acid! In what direction? k The little dog looks better. The little dog picks up a gold piece. The little dog drops a gold piece. The little dog bites the green mold. The little dog picks up a gold piece. The little dog bites the green mold. The green mold is killed! The little dog is splashed by the green mold's acid! The little dog drops a gold piece. $ - a gold piece. You swap places with your little dog. $ - 5 gold pieces. What do you want to call? [ac-ilmrxS or ?*] r Call a clear potion: water What do you want to zap? [dS or ?*] d In what direction? . You shock yourself! You are blinded by the flash! You die... Do you want your possessions identified? [ynq] (y) y Do you want to see the dungeon overview? [ynq] (y) y Major events: Turn 1: spontiff the neutral male gnomish Healer entered the dungeon 658: entered the Gnomish Mines 1006: zapped himself with a wand Inventory: Coins $ - 1490 gold pieces Weapons q - an uncursed +0 elven bow p - a cursed -1 boomerang k - an uncursed +0 scalpel (alternate weapon; not wielded) Armor g - a blessed +1 pair of leather gloves (being worn) Comestibles y - 5 uncursed apples n - 2 uncursed food rations j - an uncursed sprig of wolfsbane Scrolls l - an uncursed scroll of enchant armor a - an uncursed scroll of light Spellbooks i - a blessed spellbook of extra healing h - a blessed spellbook of healing f - a blessed spellbook of stone to flesh Potions e - 3 uncursed potions of extra healing c - an uncursed potion of healing m - a cursed potion of sleeping r - an uncursed potion of water Wands d - an uncursed wand of lightning (0:4) S - an uncursed wand of sleep (0:5) Tools x - an uncursed oil lamp s - an uncursed stethoscope Spontiff the Healer's attributes: Background: You were a Rhizotomist, a level 1 male gnomish Healer. You were neutral, on a mission for Hermes who was opposed by Athena (lawful) and Poseidon (chaotic). You were in the Dungeons of Doom, on level 3. You entered the dungeon 1006 turns ago. There was a full moon in effect when your adventure ended. You had 1 experience point, 19 more were needed to attain level 2. Your score was 211 before end-of-game adjustments. Basics: You had 0 out of 25 hit points. You had 3 out of 8 energy points (spell power). Your armor class was 8. Your wallet contained 1490 zorkmids. Autopickup was on for '$!/="?' plus thrown, with exceptions. Final Characteristics: Your strength was 10 (limit:18/50). Your dexterity was 11 (limit:18). Your constitution was 15 (limit:18). Your intelligence was 8 (limit:19). Your wisdom was 17 (limit:18). Your charisma was 17 (limit:18). Final Status: You were temporarily blind. You were not hungry. You were unencumbered. You were empty handed. You were unskilled in bare handed combat. Final Attributes: You were devoutly aligned. You were poison resistant. You had infravision. You were lucky. You are dead. Miscellaneous: You never encountered a bones level. Total elapsed playing time was 47 minutes and 32 seconds. Vanquished creatures: a green mold a jackal a goblin 3 sewer rats 3 grid bugs a lichen 2 kobold zombies 5 newts 17 creatures vanquished. No species were genocided or became extinct. Voluntary challenges: You never hit with a wielded weapon. You were illiterate. You never engraved Elbereth. You never genocided any monsters. You never polymorphed an object. You never changed form. You used no wishes. Achievements: You entered the Gnomish Mines. You entered a shop. The Dungeons of Doom: levels 1 to 4 Level 1: A fountain, a sink. Level 2: Many fountains. Stairs down to The Gnomish Mines. Level 3: <- You were here. A general store. Final resting place for you, zapped yourself with a wand. Level 4: The Gnomish Mines: Level 3: Game over: ---------- / \ / REST \ / IN \ / PEACE \ / \ | spontiff | | 1490 Au | | zapped himself | | with a wand | | | | | | 2022 | *| * * * | * _________)/\\_//(\/(/\)/\//\/|_)_______ Goodbye spontiff the Healer... You died in The Dungeons of Doom on dungeon level 3 with 206 points, and 1490 pieces of gold, after 1006 moves. You were level 1 with a maximum of 25 hit points when you died.